 Dungeon Sprint DCSS version 0.30-a0-860-g512cf1e979 (webtiles) character file.

Game seed: 9425172907749751049

490 octoduck the Cleaver (level 6, -3/51 HPs)
             Began as a Minotaur Fighter on Mar 8, 2023.
             Was an Initiate of Ru.
             Succumbed to a killer bee's poison
             ... in the Dungeon (Sprint IV: "Fedhas' Mad Dash").
             The game lasted 00:03:18 (299 turns).

octoduck the Cleaver (Minotaur Fighter)              Turns: 299, Time: 00:03:18

Health: -3/51      AC: 10    Str: 23    XL:     6   Next: 90%
Magic:  5/5        EV:  9    Int:  5    God:    Ru [......]
Gold:   58         SH:  4    Dex:  9    Spells: 5/5 levels left

rFire   . . .      SeeInvis .    a - +0 war axe
rCold   . . .      Faith    .    c - +0 buckler
rNeg    . . .      Spirit   .    b - +0 scale mail
rPois   .          Reflect  .    (helmet restricted)
rElec   .          Rampage  .    k - +0 cloak
rCorr   .          NoTele   +    (no gloves)
Will    .....                    (no boots) Stlth
                                 i - amulet of invisibility {+Inv}
HPRegen 0.28/turn                (no ring)
MPRegen 0.09/turn                (no ring)

@: mighty, lethally poisoned (-3 -> -31), hasted, very quick
A: horns 2, retaliatory headbutt
a: Renounce Religion, Evoke Invisibility


You were in the Dungeon.
You worshipped Ru.
Ru was noncommittal.
You visited 1 branch You collected 58 gold pieces.

Inventory:

Hand Weapons
 a - a +0 war axe (weapon)
Missiles
 l - 5 atropa-tipped darts (quivered)
Armour
 b - a +0 scale mail (worn)
 c - a +0 buckler (worn)
 k - a +0 cloak (worn)
Jewellery
 i - the amulet of invisibility (around neck) {+Inv}
   (You found it in the Dungeon)

   [amulet of nothing]

   +Inv:      It lets you turn invisible.
Scrolls
 j - a scroll of blinking
Potions
 h - 2 potions of magic


   Skills:
 - Level 3.6 Fighting
 + Level 14.9 Axes
 + Level 10.0 Armour
 - Level 3.6 Shields


You had 5 spell levels left.
You didn't know any spells.
Your spell library was empty.

Dungeon Overview and Level Annotations

Branches:
Dungeon (1/1)

Altars:
Cheibriados
Dithmenos
Elyvilon
Gozag
Hepliaklqana
Kikubaaqudgha
Makhleb
Nemelex Xobeh
Okawaru
Qazlal
Ru
Sif Muna
Trog
Uskayaw
Vehumet
Wu Jian
Xom
Yredelemnul
Zin
The Shining One
Jiyva
Lugonu

Annotations:
D exclusion: oklob sapling


Innate Abilities, Weirdness & Mutations

You have a pair of horns on your head.
You reflexively headbutt those who attack you in melee.


Message History

The killer bee poisons you!
You hit the queen bee.
The queen bee is severely wounded.
You closely miss the killer bee.
You feel sick. The killer bee closely misses you.
The queen bee calls on the killer bee to defend it!
The killer bee goes berserk!
You feel much better.
You feel sick. The killer bee stings you.
You are more poisoned.
The killer bee poisons you! The killer bee barely misses you.
You block the queen bee's attack.
You closely miss the killer bee. Your headbutt misses the killer bee.
The killer bee is heavily wounded.
You slash the queen bee!
You kill the queen bee!
You feel sick. The killer bee stings you!
You are more poisoned.
The killer bee poisons you! The killer bee stings you!
You are more poisoned.
The killer bee poisons you!
Your Axes skill increases to level 14!
Your Armour skill gained 3 levels and is now at level 10!
Okay, then.
You hit the killer bee. Your headbutt misses the killer bee.
The killer bee is severely wounded.
You feel very sick. The killer bee stings you!
You are more poisoned.
The killer bee poisons you! The killer bee stings you!
* * * LOW HITPOINT WARNING * * *
You are more poisoned.
The killer bee poisons you!
Blink to where?
Press: ? - help, Dir - move target
As you read the scroll of blinking, it crumbles to dust.
* * * LOW HITPOINT WARNING * * *
You feel very sick.
Which direction?
As you close the door, it creaks loudly!
You die...

###############################
#<...#.....#.....#.⌠._._._._.⌠.
#PP..†.....'.#...'.._._._._._..
#PP..#.....#.#...#..._._._._...
###############'##.._._._._._..
#...♣.†§y....+@..#._._._._._.⌠.
#.....†♣.....#...##############
#.....♣..♣..######
##+####+#####


There were no monsters in sight!

Vanquished Creatures
  A queen bee (D)
  A scorpion (D)
  3 killer bees (D)
  3 oklob saplings (D)
  A river rat (D)
  A rat (D)
10 creatures vanquished.

Vanquished Creatures (others)
  3 fungi (D)
3 creatures vanquished.

Grand Total: 13 creatures vanquished

Notes
Turn   | Place    | Note
-------+----------+-------------------------------------------
     0 | D        | octoduck the Minotaur Fighter began the quest for the Orb.
     0 | D        | Reached XP level 1. HP: 19/19 MP: 0/0
    11 | D        | Reached skill level 3 in Axes
    14 | D        | Reached skill level 5 in Axes
    14 | D        | Reached XP level 2. HP: 17/26 MP: 1/1
    51 | D        | Noticed an oklob sapling
    52 | D        | Killed an oklob sapling
    52 | D        | Noticed a scorpion
    53 | D        | Reached skill level 8 in Axes
    53 | D        | Reached XP level 3. HP: 31/31 MP: 2/2
    55 | D        | Killed a scorpion
    56 | D        | Reached skill level 10 in Axes
    56 | D        | Reached XP level 4. HP: 39/39 MP: 3/3
    87 | D        | Found the amulet of invisibility {+Inv}
   122 | D        | Found an opulent altar of Gozag.
   122 | D        | Found a hazy altar of Hepliaklqana.
   122 | D        | Found a snail-covered altar of Cheibriados.
   123 | D        | Found a viscous altar of Jiyva.
   123 | D        | Found a burning altar of Makhleb.
   123 | D        | Found a sparkling altar of Nemelex Xobeh.
   123 | D        | Found a sacrificial altar of Ru.
   123 | D        | Found a shimmering blue altar of Sif Muna.
   123 | D        | Found a bloodstained altar of Trog.
   123 | D        | Found an ornate altar of the Wu Jian Council.
   123 | D        | Found a shimmering altar of Xom.
   123 | D        | Found a basalt altar of Yredelemnul.
   125 | D        | Found an iron altar of Okawaru.
   125 | D        | Found a shadowy altar of Dithmenos.
   125 | D        | Found a glowing silver altar of Zin.
   126 | D        | Found a hide-covered altar of Uskayaw.
   126 | D        | Found an ancient bone altar of Kikubaaqudgha.
   127 | D        | Found a stormy altar of Qazlal.
   127 | D        | Found a glowing golden altar of the Shining One.
   127 | D        | Found a white marble altar of Elyvilon.
   128 | D        | Found a radiant altar of Vehumet.
   128 | D        | Found a corrupted altar of Lugonu.
   139 | D        | Reached skill level 12 in Axes
   139 | D        | Reached XP level 5. HP: 30/45 MP: 4/4
   222 | D        | Became a worshipper of Ru the Awakened
   277 | D        | Noticed a queen bee
   288 | D        | Reached skill level 13 in Axes
   290 | D        | Reached XP level 6. HP: 35/51 MP: 5/5
   296 | D        | Killed a queen bee
   297 | D        | Reached skill level 14 in Axes
   297 | D        | Reached skill level 10 in Armour
   298 | D        | HP: 1/51 [poisoned by a killer bee]
   299 | D        | Succumbed to a killer bee's poison

Illustrated notes

Levels and vault maps discovered:
D:        dungeon_sprint_fedhas [sprint_temple]

Skill      XL: |  1  2  3  4  5  6 |
---------------+-------------------+-----
Axes           | 5 8 10 12 13 14 | 14.9
Armour         | 7 10 | 10.0
Fighting       | |  3.6
Shields        | |  3.6

Action                     |  1- 3 |  4- 6 || total
---------------------------+-------+-------++-------
  Melee: War axe           |    11 |    24 ||    35
         Headbutt          |     1 |     2 ||     3
  Throw: Dart              |       |     1 ||     1
Ability: Evoke Invisibilit |       |     1 ||     1
    Use: Potion            |     1 |     4 ||     5
         Scroll            |       |     1 ||     1
 Armour: Scale mail        |     1 |     9 ||    10
  Dodge: Dodged            |     4 |    13 ||    17
  Block: Buckler           |     2 |     4 ||     6

Table legend: (Time is in decaauts)
 A = Elapsed time spent in this place.
 B = Non-inter-level travel time spent in this place.
 C = Inter-level travel time spent in this place.
 D = Time resting spent in this place.
 E = Time spent auto-exploring this place.
 F = Levels seen in this place.
 G = Mean time per level.
                   A        B        C        D        E       F      G
               +--------+--------+--------+--------+--------+-----+--------+
         Total |    306 |    306 |      0 |    120 |      0 |   1 |  306.0 |
       Dungeon |    306 |    306 |      0 |    120 |      0 |   1 |  306.0 |
               +--------+--------+--------+--------+--------+-----+--------+

Top non-repeatable levels by time:
       D: 306 daAuts
